 Dungeon Crawl Stone Soup version 0.31-a0-237-g2d982f9f85 (webtiles) character file.

Game seed: 1208727443878475820

63 qw the Shooter (level 4, -2/26 HPs)
             Began as a Gargoyle Hexslinger on July 11, 2023.
             Slain by Terence
             ... wielding a +0 flail
              (7 damage)
             ... on level 2 of the Dungeon.
             The game lasted 00:00:33 (1461 turns).

qw the Shooter (Gargoyle Hexslinger)                Turns: 1461, Time: 00:00:33

Health: -2/26      AC:  5    Str: 11    XL:     4   Next: 10%
Magic:  5/5        EV: 12    Int: 14    God:
Gold:   46         SH:  0    Dex: 14    Spells: 4/5 levels left

rFire   . . .        Y - +2 sling
rCold   . . .        (no shield)
rNeg    + . .        c - +0 robe
rPois   inf          (no helmet)
rElec   +            (no cloak)
rCorr   .            (no gloves)
SInv    .            (no boots)
Will    .....        (no amulet)
Stlth   +            (no ring)
HPRegen 0.24/turn    (no ring)
MPRegen 0.09/turn

%: no passive effects
@: no status effects
A: sickness immunity, AC +3, negative energy resistance 1, electricity
resistance, torment resistance 1, petrification resistance
a: no special abilities


You were on level 2 of the Dungeon.
You visited 1 branch of the dungeon, and saw 2 of its levels.

You collected 79 gold pieces.
You spent 33 gold pieces at shops.


Innate Abilities, Weirdness & Mutations

You are immune to sickness and miasma.
Your stone body is resilient. (AC +3)
You are immune to poison.
You resist negative energy. (rN+)
You are resistant to electric shocks. (rElec)
You are resistant to unholy torment.
You are immune to petrification.


   Skills:
 - Level 2.1 Fighting
 + Level 3.8 Ranged Weapons
 - Level 1.5 Dodging
 - Level 1.0 Spellcasting
 - Level 2.6 Hexes


You had 4 spell levels left.
You knew the following spells:

 Your Spells              Type           Power      Damage    Failure   Level
a - Slow                  Hex            32%        N/A       9%          1

Your spell library contained the following spells:

 Spells                   Type           Power      Damage    Failure   Level
 Inner Flame              Hex/Fire       4%         N/A       41%         3
 Portal Projectile        Hex/Tloc       8%         N/A       41%         3
 Cause Fear               Hex            4%         N/A       65%         4

Inventory:

Hand Weapons
 Y - a +2 sling (weapon)
Armour
 a - a +0 ring mail
 b - a +0 cloak
 c - a +0 robe (worn)
Scrolls
 d - a scroll of enchant armour {unknown}
Potions
 e - a potion of berserk rage {unknown}
 g - 2 potions of curing
 h - 2 potions of heal wounds {unknown}

Dungeon Overview and Level Annotations

Branches:
Dungeon (2/15)

Altars:

Shops:
D:1 !:!!

Annotations:
D:2 Terence


Message History

Enter note:
Enter note:
Enter note:
Enter note:
Enter note: You shoot a sling bullet.
The sling bullet hits Terence.
Terence shouts!
Terence is moderately wounded.
You shoot a sling bullet.
The sling bullet closely misses Terence.
You shoot a sling bullet. The sling bullet barely misses Terence.
You shoot a sling bullet. The sling bullet barely misses Terence.
You shoot a sling bullet. The sling bullet barely misses Terence.
You shoot a sling bullet. The sling bullet hits Terence.
Terence is heavily wounded.
Terence hits you with a +0 flail!
You shoot a sling bullet. The sling bullet hits Terence.
Terence is severely wounded.
A dart slug comes into view.
Terence barely misses you.
You shoot a sling bullet. The sling bullet barely misses Terence.
The sling bullet hits the dart slug!
The dart slug is severely wounded.
Terence hits you with a +0 flail.
You shoot a sling bullet.
The sling bullet hits Terence but does no damage.
Terence is severely wounded.
Terence barely misses you.
You shoot a sling bullet. The sling bullet barely misses Terence.
The sling bullet hits the dart slug.
You kill the dart slug!
Terence barely misses you. Terence closely misses you.
You shoot a sling bullet. The sling bullet barely misses Terence.
Terence hits you with a +0 flail!
You shoot a sling bullet. The sling bullet hits Terence.
Terence is almost dead.
Terence closely misses you.
You shoot a sling bullet. The sling bullet barely misses Terence.
Terence hits you with a +0 flail!
You die...

#### #... ###########
#.## ..%...@@..# #.#
#########.### #.##
#.....# #... #.#.#.#
######### ########'#.#.#
##........ #..........#.#
#.........
#..........#.###..######.
#..........#.##...# #.
#####...#.#.##.#.#######


You could see Terence.

Vanquished Creatures
  2 adders (D:2)
  3 dart slugs (D:2)
  6 ball pythons
  4 endoplasms
  A giant cockroach (D:2)
  2 goblins
  A hobgoblin (D:2)
  3 jackals (D:1)
  4 kobolds
  2 quokkas
  3 bats
  2 frilled lizards (D:2)
  5 rats
38 creatures vanquished.

Notes
Turn   | Place    | Note
-------+----------+-------------------------------------------
     0 | D:1      | qw the Gargoyle Hexslinger began the quest for the Orb.
     0 | D:1      | Reached XP level 1. HP: 12/12 MP: 2/2
     0 | D:1      | 0 ||| qw: Version: 0.3-a-52-g30416fa
     0 | D:1      | 0 ||| qw: Game counter: 5458
     0 | D:1      | 0 ||| qw: Melee chars always use a shield: true
     0 | D:1      | 0 ||| qw: God list: Okawaru
     0 | D:1      | 0 ||| qw: Allow faded altars: false
     0 | D:1      | 0 ||| qw: Do Orc after clearing Dungeon:15 true
     0 | D:1      | 0 ||| qw: Do second Lair branch before Depths: true
     0 | D:1      | 0 ||| qw: Lair rune preference: random
     0 | D:1      | 0 ||| qw: Goals: Normal
     0 | D:1      | 0 ||| PLANNING D:1-11
    75 | D:1      | Found Fuuf's Distillery.
    78 | D:1      | 78 ||| SHOPLISTING 2 potions of haste (240 gold, have 0).
    78 | D:1      | 78 ||| SHOPLISTING potion of enlightenment (60 gold, have
                  | 0).
    78 | D:1      | 78 ||| SHOPLISTING potion of heal wounds (60 gold, have 0).
    78 | D:1      | 78 ||| SHOPLISTING potion of might (48 gold, have 0).
   185 | D:1      | Found Focityd's Book Emporium.
   230 | D:1      | Found Byinyxt's Distillery.
   233 | D:1      | Reached XP level 2. HP: 16/16 MP: 3/3
   271 | D:1      | 271 ||| SHOPLISTING potion of cancellation (104 gold, have
                  | 18).
   271 | D:1      | 271 ||| SHOPLISTING potion of heal wounds (65 gold, have
                  | 18).
   271 | D:1      | 271 ||| SHOPLISTING potion of might (52 gold, have 18).
   315 | D:1      | Reached skill level 3 in Ranged Weapons
   570 | D:1      | Found Imigis's Distillery.
   577 | D:1      | 577 ||| BUYING potion of curing (33 gold).
   577 | D:1      | Bought a potion of curing for 33 gold pieces
   577 | D:1      | 577 ||| SHOPLISTING potion of mutation (88 gold, have 16).
   777 | D:1      | Found a faded altar of an unknown god.
   778 | D:1      | 778 ||| READING scroll labelled NEOKKUNACO.
   879 | D:1      | 879 ||| READING scroll labelled VEOTARPHE MEOTO.
   880 | D:1      | 880 ||| READING scroll labelled PYLITE UGIZ.
   881 | D:1      | 881 ||| DROPPING scroll of poison.
   910 | D:2      | Reached XP level 3. HP: 21/21 MP: 4/4
  1119 | D:2      | 1119 ||| FLEEEEING.
  1351 | D:2      | Reached XP level 4. HP: 22/26 MP: 5/5
  1448 | D:2      | Noticed Terence
  1459 | D:2      | HP: 4/26 [Terence/+0 flail (10)]
  1461 | D:2      | Slain by Terence

Levels and vault maps discovered:
D:1:      ebering_trefoil_twist, layout_loops_ring,
          shapermc_ecumenical_altar_mp_vishouse, serial_shops, shop,
          nicolae_shop_real_fake_doors, shop, shop
D:2:      layout_basic, uniq_terence

Skill      XL: |  1  2 |
---------------+-------+-----
Ranged Weapons | 3 |  3.8
Fighting       | 2 |  2.1
Dodging        | |  1.5
Spellcasting   | |  1.0
Hexes          | |  2.6

Action                     |  1- 3 |  4- 6 || total
---------------------------+-------+-------++-------
   Fire: Sling             |   119 |    19 ||   138
    Use: Scroll            |     3 |       ||     3
 Armour: Robe              |    15 |       ||    15
  Dodge: Dodged            |    34 |     5 ||    39

Table legend:
 A = Non-vault XP
 B = Vault XP
 C = Vault XP percentage of total XP
 D = Non-vault monster count
 E = Vault monster count
 F = Vault count percentage of total count
                 A         B        C        D         E       F
            +---------+---------+-------+---------+---------+-------
      Total |      91 |       0 |   0.0 |      38 |       0 |   0.0
            +---------+---------+-------+---------+---------+-------
        D:1 |      27 |       0 |   0.0 |      17 |       0 |   0.0
        D:2 |      64 |       0 |   0.0 |      21 |       0 |   0.0
            +---------+---------+-------+---------+---------+-------
